General information
- name: BNet
- type: Ladder team game (AT/RT)
- host: Battle.net
- saver: |c00B40404Satan
map: Cherryville
- players: 8
- length: 39:41
- speed: Fast
- version: 1.27 W3XP
- replay type: Public
» download(224 KB)
Players
team 1 (winner)
Jmerp (
yellow | 31 APM | 1229 actions | 39:40)
6 Blademaster
3 Wind Walk
2 Critical Strike
1 Bladestorm
» actions
| Basic commands | 54 | |
| Build / train | 74 | |
| Enter build submenu | 24 | |
| Enter hero's abilities submenu | 6 | |
| Give item / drop item | 1 | |
| Remove unit from queue | 7 | |
| Right click | 510 | |
| Select / deselect | 461 | |
| Use ability | 92 | |
1229 total
» units
» upgrades
| Melee Weapons | 3 | |
| Armor | 3 | |
| Shaman Training | 2 | |
| Pulverize | 1 | |
| Reinforced Defenses | 1 | |
| Spiked Barricades | 1 | |
11 total
» buildings
| Altar of Storms | 1 | |
| Orc Burrow | 8 | |
| Voodoo Lounge | 1 | |
| War Mill | 1 | |
| Stronghold | 3 | |
| Watch Tower | 4 | |
| Fortress | 4 | |
| Spirit Lodge | 1 | |
| Tauren Totem | 2 | |
| Great Hall | 1 | |
26 total
» build order
00:13 Altar of Storms
00:17 Orc Burrow
00:53 Voodoo Lounge
02:03 War Mill
02:35 Stronghold
02:35 Stronghold
02:36 Stronghold
03:25 Orc Burrow
04:41 Watch Tower
04:56 Fortress
04:57 Fortress
04:57 Fortress
05:18 Spirit Lodge
05:22 Watch Tower
05:45 Orc Burrow
06:40 Orc Burrow
06:43 Watch Tower
07:35 Tauren Totem
07:37 Tauren Totem
07:55 Watch Tower
13:46 Orc Burrow
13:52 Orc Burrow
14:07 Orc Burrow
15:33 Orc Burrow
23:54 Great Hall
» items
| Healing Salve | 2 | |
| Lesser Clarity Potion | 2 | |
| Orb of Lightning | 1 | |
| Potion of Healing | 2 | |
| Circlet of Nobility | 1 | |
| Scroll of Town Portal | 1 | |
9 total
Danfresh666 (
blue | 24 APM | 933 actions | 39:40)
4 Death Knight
2 Death Coil
2 Unholy Aura
2 Lich
1 Frost Nova
1 Frost Armor
» actions
| Assign group hotkey | 25 | |
| Basic commands | 48 | |
| Build / train | 68 | |
| Enter build submenu | 21 | |
| Enter hero's abilities submenu | 6 | |
| Give item / drop item | 1 | |
| Right click | 321 | |
| Select / deselect | 246 | |
| Select group hotkey | 147 | |
| Use ability | 49 | |
933 total
» units
| Acolyte | 22 | |
| Ghoul | 5 | |
| Crypt Fiend | 11 | |
| Frost Wyrm | 5 | |
43 total
» upgrades
| Creature Attack | 3 | |
| Web | 1 | |
| Freezing Breath | 1 | |
5 total
» buildings
| Graveyard | 2 | |
| Crypt | 1 | |
| Ziggurat | 8 | |
| Altar of Darkness | 1 | |
| Tomb of Relics | 2 | |
| Halls of the Dead | 1 | |
| Necropolis | 1 | |
| Black Citadel | 1 | |
| Spirit Tower | 4 | |
| Sacrificial Pit | 1 | |
| Boneyard | 2 | |
24 total
» build order
00:18 Graveyard
00:25 Graveyard
00:29 Crypt
00:41 Ziggurat
00:57 Altar of Darkness
01:54 Tomb of Relics
02:02 Ziggurat
03:54 Ziggurat
05:12 Halls of the Dead
06:49 Necropolis
07:17 Ziggurat
08:43 Black Citadel
09:12 Ziggurat
10:07 Spirit Tower
11:28 Sacrificial Pit
12:56 Boneyard
12:57 Boneyard
13:21 Tomb of Relics
14:06 Ziggurat
14:06 Ziggurat
14:07 Ziggurat
14:10 Spirit Tower
15:21 Spirit Tower
15:32 Spirit Tower
» items
| Rod of Necromancy | 1 | |
| Orb of Corruption | 1 | |
| Potion of Healing | 1 | |
| Scroll of Healing | 1 | |
| Dust of Appearance | 2 | |
6 total
lSEEDEADPEOPLE (
teal | 85 APM | 3381 actions | 39:40)
6 Death Knight
3 Death Coil
3 Unholy Aura
5 Crypt Lord
3 Carrion Beetles
2 Impale
» actions
| Assign group hotkey | 57 | |
| Basic commands | 153 | |
| Build / train | 153 | |
| ESC pressed | 3 | |
| Enter build submenu | 48 | |
| Enter hero's abilities submenu | 12 | |
| Give item / drop item | 13 | |
| Right click | 1024 | |
| Select / deselect | 537 | |
| Select group hotkey | 1131 | |
| Use ability | 250 | |
3381 total
» units
| Acolyte | 12 | |
| Ghoul | 5 | |
| Crypt Fiend | 8 | |
| Goblin Shredder | 4 | |
| Obsidian Statue | 2 | |
| Gargoyle | 3 | |
| Meatwagon | 2 | |
| Frost Wyrm | 1 | |
37 total
» upgrades
| Burrow | 1 | |
| Creature Attack | 3 | |
| Web | 1 | |
| Creature Carapace | 3 | |
| Disease Cloud | 1 | |
| Necromancer Training | 2 | |
| Ghoul Frenzy | 1 | |
| Skeletal Longevity | 1 | |
| Banshee Training | 2 | |
| Skeletal Mastery | 1 | |
| Destroyer Form | 1 | |
| Unholy Armor | 3 | |
| Unholy Strength | 3 | |
| Stone Form | 1 | |
| Exhume Corpses | 1 | |
| Freezing Breath | 1 | |
| Cannibalize | 1 | |
| Backpack | 1 | |
28 total
» buildings
| Graveyard | 1 | |
| Crypt | 4 | |
| Altar of Darkness | 1 | |
| Ziggurat | 22 | |
| Tomb of Relics | 2 | |
| Halls of the Dead | 2 | |
| Necropolis | 3 | |
| Nerubian Tower | 7 | |
| Slaughterhouse | 2 | |
| Spirit Tower | 32 | |
| Black Citadel | 4 | |
| Temple of the Damned | 3 | |
| Sacrificial Pit | 2 | |
| Boneyard | 3 | |
88 total
» build order
00:13 Graveyard
00:18 Crypt
00:41 Altar of Darkness
00:56 Ziggurat
01:15 Tomb of Relics
02:01 Ziggurat
03:51 Halls of the Dead
04:53 Necropolis
05:36 Ziggurat
05:43 Ziggurat
07:37 Nerubian Tower
07:37 Nerubian Tower
07:39 Slaughterhouse
08:20 Spirit Tower
08:20 Spirit Tower
08:21 Spirit Tower
08:23 Ziggurat
08:41 Black Citadel
08:41 Black Citadel
09:02 Ziggurat
09:08 Tomb of Relics
10:18 Slaughterhouse
10:21 Temple of the Damned
10:23 Temple of the Damned
10:55 Spirit Tower
10:57 Nerubian Tower
10:57 Spirit Tower
10:57 Spirit Tower
11:26 Temple of the Damned
14:01 Sacrificial Pit
14:04 Ziggurat
14:05 Ziggurat
14:06 Ziggurat
14:07 Ziggurat
16:15 Nerubian Tower
16:15 Spirit Tower
16:16 Spirit Tower
16:16 Spirit Tower
16:16 Spirit Tower
16:18 Spirit Tower
20:25 Necropolis
20:45 Sacrificial Pit
20:54 Boneyard
20:57 Boneyard
21:01 Boneyard
21:29 Crypt
21:31 Crypt
21:36 Crypt
22:09 Ziggurat
22:11 Ziggurat
22:12 Ziggurat
22:14 Ziggurat
22:15 Ziggurat
22:16 Ziggurat
23:27 Nerubian Tower
23:27 Nerubian Tower
23:28 Spirit Tower
23:28 Spirit Tower
23:28 Spirit Tower
23:29 Spirit Tower
23:29 Spirit Tower
23:29 Spirit Tower
23:29 Spirit Tower
23:30 Spirit Tower
23:38 Necropolis
25:57 Ziggurat
25:58 Ziggurat
25:59 Ziggurat
26:01 Ziggurat
26:03 Ziggurat
26:06 Ziggurat
28:01 Nerubian Tower
28:01 Spirit Tower
28:02 Spirit Tower
28:02 Spirit Tower
28:02 Spirit Tower
28:02 Spirit Tower
28:03 Spirit Tower
28:03 Spirit Tower
» items
| Rod of Necromancy | 3 | |
| Sacrificial Skull | 3 | |
| Periapt of Vitality | 5 | |
| Scroll of Town Portal | 2 | |
| Circlet of Nobility | 2 | |
| Potion of Healing | 1 | |
| Boots of Speed | 1 | |
| Potion of Lesser Invulnerability | 1 | |
| Staff of Teleportation | 1 | |
| Orb of Corruption | 1 | |
| Tiny Great Hall | 1 | |
| Orb of Lightning | 1 | |
22 total
|c00B40404Satan (
pink | 48 APM | 1920 actions | 39:41)
9 Archmage
3 Summon Water Elemental
3 Brilliance Aura
1 Mass Teleport
2 Blizzard
» actions
| Assign group hotkey | 54 | |
| Basic commands | 256 | |
| Build / train | 83 | |
| Enter build submenu | 34 | |
| Enter hero's abilities submenu | 9 | |
| Give item / drop item | 3 | |
| Right click | 671 | |
| Select / deselect | 374 | |
| Select group hotkey | 298 | |
| Use ability | 138 | |
1920 total
» units
| Peasant | 16 | |
| Footman | 4 | |
| Goblin Shredder | 1 | |
| Goblin Zeppelin | 1 | |
| Gryphon Rider | 3 | |
| Goblin Sapper | 8 | |
33 total
» upgrades
| Masonry | 3 | |
| Storm Hammers | 1 | |
| Animal War Training | 1 | |
| Swords | 3 | |
| Armor | 3 | |
| Priest Training | 2 | |
| Cloud | 1 | |
| Magic Sentry | 1 | |
15 total
» buildings
| Altar of Kings | 1 | |
| Barracks | 1 | |
| Farm | 6 | |
| Scout Tower | 10 | |
| Arcane Tower | 1 | |
| Arcane Vault | 1 | |
| Town Hall | 4 | |
| Keep | 1 | |
| Lumber Mill | 1 | |
| Castle | 1 | |
| Guard Tower | 10 | |
| Gryphon Aviary | 4 | |
| Blacksmith | 3 | |
| Arcane Sanctum | 1 | |
45 total
» build order
00:38 Altar of Kings
00:40 Barracks
00:50 Farm
01:02 Farm
01:05 Farm
01:35 Farm
02:03 Scout Tower
02:30 Arcane Tower
03:28 Arcane Vault
04:50 Town Hall
04:55 Scout Tower
04:56 Scout Tower
04:56 Scout Tower
04:56 Scout Tower
05:13 Keep
06:27 Lumber Mill
07:35 Castle
08:41 Guard Tower
08:46 Farm
08:59 Scout Tower
08:59 Scout Tower
09:00 Scout Tower
09:03 Scout Tower
09:04 Scout Tower
09:28 Guard Tower
09:31 Guard Tower
09:31 Guard Tower
09:31 Guard Tower
09:32 Guard Tower
09:39 Guard Tower
09:48 Guard Tower
10:29 Gryphon Aviary
10:29 Gryphon Aviary
10:31 Gryphon Aviary
10:56 Gryphon Aviary
11:28 Blacksmith
11:29 Blacksmith
11:32 Farm
12:23 Blacksmith
16:17 Arcane Sanctum
21:35 Town Hall
22:03 Town Hall
26:59 Town Hall
» items
| Scroll of Regeneration | 3 | |
| Mechanical Critter | 2 | |
| Potion of Lesser Invulnerability | 1 | |
| Periapt of Vitality | 1 | |
| Boots of Speed | 1 | |
| Scroll of Town Portal | 2 | |
| Staff of Sanctuary | 1 | |
| Staff of Teleportation | 1 | |
12 total
team 2 (loser)

»
Peonpet (
green | 57 APM | 1256 actions | 21:52)
4 Goblin Tinker
2 Pocket Factory
2 Engineering Upgrade
3 Paladin
2 Holy Light
1 Devotion Aura
» actions
| Assign group hotkey | 31 | |
| Basic commands | 10 | |
| Build / train | 60 | |
| ESC pressed | 2 | |
| Enter build submenu | 24 | |
| Enter hero's abilities submenu | 7 | |
| Give item / drop item | 2 | |
| Remove unit from queue | 1 | |
| Right click | 783 | |
| Select / deselect | 215 | |
| Select group hotkey | 64 | |
| Use ability | 57 | |
1256 total
» units
| Peasant | 10 | |
| Footman | 8 | |
| Knight | 4 | |
| Rifleman | 1 | |
| Peon | 4 | |
27 total
» upgrades
| Defend | 1 | |
| Masonry | 1 | |
| Swords | 2 | |
| Plating | 2 | |
| Animal War Training | 1 | |
| Reinforced Defenses | 1 | |
| Spiked Barricades | 1 | |
9 total
» buildings
| Farm | 7 | |
| Barracks | 2 | |
| Lumber Mill | 1 | |
| Altar of Kings | 1 | |
| Blacksmith | 1 | |
| Scout Tower | 1 | |
| Arcane Tower | 1 | |
| Keep | 1 | |
| Castle | 1 | |
| Arcane Vault | 1 | |
| Town Hall | 1 | |
| Arcane Sanctum | 1 | |
| Workshop | 2 | |
21 total
» build order
00:26 Farm
01:03 Barracks
01:42 Barracks
01:54 Farm
01:58 Farm
03:22 Lumber Mill
03:48 Altar of Kings
04:16 Farm
04:47 Blacksmith
04:50 Scout Tower
05:30 Arcane Tower
05:33 Farm
06:33 Keep
09:01 Castle
09:09 Arcane Vault
14:16 Town Hall
14:30 Farm
14:36 Farm
15:27 Arcane Sanctum
15:44 Workshop
15:49 Workshop
» items
| Periapt of Vitality | 1 | |
| Boots of Speed | 1 | |
| Circlet of Nobility | 1 | |
| Scroll of Regeneration | 1 | |
| Lesser Clarity Potion | 1 | |
| Scroll of Town Portal | 2 | |
| Potion of Healing | 2 | |
| Orb of Fire | 1 | |
| Orb of Lightning | 1 | |
11 total

»
Niche (
red | 70 APM | 1465 actions | 20:59)
4 Archmage
2 Summon Water Elemental
2 Brilliance Aura
3 Firelord
2 Summon Lava Spawn
1 Incinerate
» actions
| Assign group hotkey | 37 | |
| Basic commands | 127 | |
| Build / train | 47 | |
| ESC pressed | 1 | |
| Enter build submenu | 25 | |
| Enter hero's abilities submenu | 7 | |
| Right click | 384 | |
| Select / deselect | 348 | |
| Select group hotkey | 422 | |
| Use ability | 67 | |
1465 total
» units
| Peasant | 9 | |
| Priest | 3 | |
| Sorceress | 5 | |
| Gryphon Rider | 4 | |
| Spell Breaker | 2 | |
23 total
» upgrades
| Lumber Harvesting | 1 | |
| Priest Training | 2 | |
| Sorceress Training | 2 | |
| Storm Hammers | 1 | |
6 total
» buildings
| Altar of Kings | 1 | |
| Farm | 13 | |
| Scout Tower | 3 | |
| Arcane Tower | 1 | |
| Keep | 1 | |
| Lumber Mill | 1 | |
| Arcane Vault | 1 | |
| Guard Tower | 2 | |
| Arcane Sanctum | 2 | |
| Castle | 1 | |
| Gryphon Aviary | 2 | |
| Blacksmith | 1 | |
29 total
» build order
00:03 Altar of Kings
00:04 Farm
00:48 Farm
01:27 Farm
01:44 Scout Tower
02:13 Arcane Tower
02:26 Keep
02:31 Lumber Mill
02:53 Arcane Vault
03:06 Scout Tower
03:10 Scout Tower
03:42 Farm
03:44 Farm
03:48 Farm
03:51 Guard Tower
04:08 Guard Tower
04:55 Arcane Sanctum
04:56 Arcane Sanctum
05:15 Farm
05:17 Farm
06:12 Castle
07:03 Gryphon Aviary
07:05 Gryphon Aviary
09:19 Farm
09:20 Farm
09:21 Farm
09:21 Farm
15:23 Farm
15:25 Blacksmith
» items
| Lesser Clarity Potion | 1 | |
| Scroll of Town Portal | 2 | |
3 total
TODD-HOWARD-SUX (
purple | 51 APM | 2013 actions | 39:40)
7 Blademaster
3 Critical Strike
3 Wind Walk
1 Bladestorm
» actions
| Assign group hotkey | 43 | |
| Basic commands | 63 | |
| Build / train | 67 | |
| Enter build submenu | 36 | |
| Enter hero's abilities submenu | 7 | |
| Give item / drop item | 11 | |
| Remove unit from queue | 1 | |
| Right click | 809 | |
| Select / deselect | 230 | |
| Select group hotkey | 555 | |
| Use ability | 191 | |
2013 total
» units
| Peon | 13 | |
| Grunt | 3 | |
| Goblin Shredder | 5 | |
| Wind Rider | 3 | |
24 total
» upgrades
| Reinforced Defenses | 1 | |
| Ranged Weapons | 2 | |
| Armor | 2 | |
| Envenomed Spears | 1 | |
6 total
» buildings
| Altar of Storms | 1 | |
| Orc Burrow | 5 | |
| Barracks | 1 | |
| Voodoo Lounge | 6 | |
| Stronghold | 1 | |
| Great Hall | 1 | |
| War Mill | 1 | |
| Watch Tower | 55 | |
| Fortress | 2 | |
| Beastiary | 3 | |
76 total
» build order
00:07 Altar of Storms
00:21 Orc Burrow
00:36 Barracks
01:23 Orc Burrow
01:56 Voodoo Lounge
03:11 Stronghold
03:39 Orc Burrow
04:29 Great Hall
04:35 War Mill
06:02 Watch Tower
06:02 Watch Tower
06:14 Fortress
06:15 Fortress
06:45 Watch Tower
06:49 Beastiary
07:03 Beastiary
07:07 Watch Tower
07:39 Orc Burrow
07:47 Watch Tower
07:47 Watch Tower
08:03 Watch Tower
08:14 Watch Tower
08:15 Watch Tower
09:02 Watch Tower
09:03 Watch Tower
09:39 Watch Tower
09:40 Watch Tower
09:45 Watch Tower
09:45 Watch Tower
12:08 Beastiary
13:03 Watch Tower
13:03 Watch Tower
13:04 Watch Tower
13:04 Watch Tower
13:46 Watch Tower
13:56 Watch Tower
13:59 Orc Burrow
14:18 Watch Tower
14:19 Watch Tower
14:26 Watch Tower
14:26 Watch Tower
15:36 Watch Tower
15:39 Watch Tower
15:39 Watch Tower
16:56 Watch Tower
16:56 Watch Tower
16:56 Watch Tower
16:57 Watch Tower
16:57 Watch Tower
18:12 Watch Tower
18:12 Watch Tower
18:20 Watch Tower
18:20 Watch Tower
18:21 Watch Tower
18:21 Watch Tower
18:22 Watch Tower
18:23 Watch Tower
19:43 Watch Tower
19:43 Watch Tower
20:50 Watch Tower
20:50 Watch Tower
20:51 Watch Tower
20:51 Watch Tower
20:52 Watch Tower
22:59 Watch Tower
22:59 Watch Tower
23:00 Watch Tower
23:01 Watch Tower
23:02 Watch Tower
28:05 Voodoo Lounge
28:05 Voodoo Lounge
28:06 Voodoo Lounge
28:07 Voodoo Lounge
28:08 Voodoo Lounge
» items
| Healing Salve | 6 | |
| Orb of Lightning | 1 | |
| Scroll of Town Portal | 4 | |
| Staff of Teleportation | 1 | |
| Tiny Great Hall | 1 | |
| Lesser Clarity Potion | 3 | |
| Potion of Healing | 6 | |
| Potion of Mana | 2 | |
24 total

»
Aminoacid (
orange | 54 APM | 865 actions | 15:56)
4 Tauren Chieftain
2 Endurance Aura
2 War Stomp
» actions
| Assign group hotkey | 17 | |
| Basic commands | 43 | |
| Build / train | 46 | |
| ESC pressed | 1 | |
| Enter build submenu | 17 | |
| Enter hero's abilities submenu | 4 | |
| Right click | 463 | |
| Select / deselect | 234 | |
| Select group hotkey | 2 | |
| Use ability | 38 | |
865 total
» units
| Peon | 10 | |
| Grunt | 1 | |
| Troll Headhunter/Berserker | 8 | |
| Kodo Beast | 2 | |
| Shaman | 2 | |
23 total
» upgrades
| Ranged Weapons | 3 | |
| Troll Regeneration | 1 | |
| Shaman Training | 2 | |
| Armor | 2 | |
| Berserker Upgrade | 1 | |
| War Drums Damage Increase | 1 | |
10 total
» buildings
| Altar of Storms | 1 | |
| Orc Burrow | 6 | |
| Barracks | 1 | |
| Voodoo Lounge | 1 | |
| War Mill | 1 | |
| Great Hall | 1 | |
| Stronghold | 1 | |
| Beastiary | 1 | |
| Spirit Lodge | 1 | |
| Fortress | 1 | |
15 total
» build order
00:15 Altar of Storms
00:26 Orc Burrow
00:48 Barracks
01:26 Voodoo Lounge
01:55 War Mill
02:41 Orc Burrow
04:21 Orc Burrow
05:53 Great Hall
06:56 Stronghold
09:21 Beastiary
09:24 Spirit Lodge
10:46 Fortress
12:39 Orc Burrow
12:40 Orc Burrow
12:41 Orc Burrow
» items
| Healing Salve | 5 | |
| Lesser Clarity Potion | 1 | |
6 total
Chat log
(00:10 / Allies) Danfresh666: gg we win
(00:21 / All) |c00B40404Satan: 666 THE MARK OF THE BEASTE
(00:24 / Allies) Jmerp: havent had a free win ina while
(00:25 / Allies) lSEEDEADPEOPLE: what makes you say that
(00:38 / Allies) Danfresh666: some1 see dead ppl
(00:45 / Allies) lSEEDEADPEOPLE: ?
(00:47 / All) |c00B40404Satan: LET'S DO SOME SPIRIT COOKING, PALS
(00:47 / Allies) Jmerp: harsing
(00:48 / Allies) Danfresh666: some1 is satan
(00:51 / Allies) lSEEDEADPEOPLE: my race is dead people
(01:03 / Allies) Danfresh666: thats original
(01:05 / Allies) Danfresh666: :)
(01:11 / Allies) Danfresh666: my name sucks
(01:27 / 7) |c00B40404Satan: is there an orc on bottom on their side?
(01:44 / 9) lSEEDEADPEOPLE: yeah on inside
(01:55 / 7) |c00B40404Satan: let me know if that fag bag heads my way
(02:02 / 9) lSEEDEADPEOPLE: k
(02:34 / Allies) Danfresh666: fiends time
(03:46 / 9) lSEEDEADPEOPLE: he went tc
(04:08 / Allies) Danfresh666: can i take pink
(04:11 / 7) |c00B40404Satan: I got it
(04:13 / Allies) |c00B40404Satan: I got it
(04:13 / Allies) Danfresh666: you can take that one
(04:23 / Allies) lSEEDEADPEOPLE: 100 wood if you can
(04:30 / Allies) Danfresh666: D:
(04:46 / Allies) Danfresh666: ill expo there then
(06:34 / Allies) Danfresh666: how is your name red
(06:42 / Allies) |c00B40404Satan: black magic
(07:15 / Allies) |c00B40404Satan: blue that's twice you leeched my exp man
(07:30 / Allies) Danfresh666: srry
(07:47 / Allies) |c00B40404Satan: lumber
(08:32 / Allies) |c00B40404Satan: b
(08:36 / Allies) |c00B40404Satan: b
(09:18 / Allies) Danfresh666: wood plz
(09:45 / 7) |c00B40404Satan: hook me up with like 2 or 300 lumber quick
(10:09 / Allies) Danfresh666: theyre coming
(10:23 / Allies) Jmerp: yeah brt
(10:26 / All) TODD-HOWARD-SUX: no
(10:31 / 9) lSEEDEADPEOPLE: no
(10:42 / 9) lSEEDEADPEOPLE: yes
(11:41 / 7) |c00B40404Satan: tp
(11:48 / 9) lSEEDEADPEOPLE: k sec
(12:03 / Allies) Jmerp: wtf...
(12:07 / Allies) Jmerp: wtf is this
(12:10 / Allies) lSEEDEADPEOPLE: omw
(13:29 / Allies) Jmerp: share gold
(13:35 / Allies) Jmerp: all of u
(13:37 / Allies) Jmerp: ty sir
(13:48 / Allies) Danfresh666: wood plz
(13:55 / Allies) Danfresh666: wyrms incoming
(14:00 / Allies) Danfresh666: ty
(14:45 / Allies) Jmerp: pink with that much gold u have to go over 50 food buddy
(14:58 / Allies) |c00B40404Satan: worry aboutr your own bizznes
(15:10 / Allies) Danfresh666: omw
(17:48 / Allies) Jmerp: nice
(18:02 / All) Niche: gg
(18:08 / All) |c00B40404Satan: gg raped
(18:10 / All) |c00B40404Satan: newbie
(18:21 / All) |c00B40404Satan: THE LEFT HAND OF SATAN IS UPON THEE
(18:32 / All) Peonpet: ?
(18:36 / All) lSEEDEADPEOPLE: out noob
(18:46 / All) Peonpet: wow this is ridiculous
(18:53 / All) lSEEDEADPEOPLE: you're easy player green
(18:55 / All) lSEEDEADPEOPLE: you play like easy AI
(19:00 / All) |c00B40404Satan: 666 THE MARK OF THE BEAST
(19:01 / All) lSEEDEADPEOPLE: except worse
(19:08 / All) lSEEDEADPEOPLE: try practising on the computer before you jump ingame
(19:14 / All) TODD-HOWARD-SUX: 2 red's wtf
(19:17 / All) lSEEDEADPEOPLE: I beat you with 45 food undead army and 50 food human army
(19:25 / All) Peonpet: whatever my allies were slow as shit
(19:31 / All) Peonpet: u will see
(19:32 / All) lSEEDEADPEOPLE: you're slow as shit in the head
(19:35 / All) |c00B40404Satan: YOU SUCK
(19:38 / All) |c00B40404Satan: YOU CHILD OF THE LIGHT
(20:05 / All) lSEEDEADPEOPLE: BEETLE RAPE!
(20:09 / All) Danfresh666: purp noob
(20:14 / All) Danfresh666: idc bout my aco
(20:23 / Allies) Danfresh666: gold plz
(20:27 / All) |c00B40404Satan: raped
(20:41 / All) TODD-HOWARD-SUX: i guess that was meant as an insult blue
(20:49 / All) Danfresh666: okay
(20:55 / All) Danfresh666: you just wasted your time
(21:10 / All) TODD-HOWARD-SUX: i win u behemoth
(21:14 / Allies) Danfresh666: gold for freeze
(21:53 / Allies) Danfresh666: LOL
(21:56 / All) Danfresh666: LOL
(21:56 / All) |c00B40404Satan: WELL
(22:05 / All) TODD-HOWARD-SUX: i win u bad boy blue
(22:19 / Allies) |c00B40404Satan: time to buy a tp staff
(22:26 / All) Danfresh666: cuz you tp like a bitch
(22:49 / All) TODD-HOWARD-SUX: oh
(22:52 / All) TODD-HOWARD-SUX: i fuk u rmom blue
(22:56 / All) Danfresh666: XD
(23:01 / All) Danfresh666: suckit 12 yo
(23:51 / All) TODD-HOWARD-SUX: out, blue
(23:53 / All) TODD-HOWARD-SUX: out
(24:18 / Allies) Danfresh666: why tk?
(24:21 / All) |c00B40404Satan: SATAN MUST PURGE HIS WEAK MEMBERS OF THE FLOCK
(24:22 / All) Danfresh666: WTF
(24:26 / All) |c00B40404Satan: LIKE LAMBS YE SHALL BE SLAUGHTERED
(24:39 / All) |c00B40404Satan: AND I SAY UNTO THEE, WHOSOEVER LACKS FAITH IN THE GREAT DEEDS OF
(24:48 / All) |c00B40404Satan: SATAN OUR LORD, SHALL BE SMITED FROM THIS EARTH
(24:49 / All) |c00B40404Satan: AMEN
(25:23 / All) TODD-HOWARD-SUX: beat by one hero yello
(25:25 / All) Danfresh666: wow my team tks me
(25:32 / All) TODD-HOWARD-SUX: i fucked ur mom blue
(25:38 / Allies) Jmerp: we actually may lose
(25:43 / All) lSEEDEADPEOPLE: I'm fucking blue's mom too
(25:46 / All) lSEEDEADPEOPLE: she's a total whore
(25:52 / Allies) Jmerp: ty blue
(26:15 / Allies) Danfresh666: i really dont get this
(26:21 / Allies) Danfresh666: why
(26:23 / Allies) Danfresh666: é.................
(26:29 / Allies) lSEEDEADPEOPLE: we are performing a satanic ritual
(26:34 / Allies) lSEEDEADPEOPLE: a magickal spell to give you a loss
(26:56 / Allies) Jmerp: damn u guys better still win this
(26:59 / All) TODD-HOWARD-SUX: no bm for ur biatch
(27:23 / Allies) Danfresh666: why would some1 do that
(27:45 / All) TODD-HOWARD-SUX: blue, ur mom said im better than ur daddy
(27:47 / Allies) |c00B40404Satan: OUT YOU WEAK PATHETIC FOOL
(27:59 / Allies) |c00B40404Satan: YOU CANCER UPON OUR WAR EFFORT, OUR MIGHTY STRUGGLE
(29:45 / All) Danfresh666: noobs that want the maximum score
(29:51 / All) TODD-HOWARD-SUX: "lawl
(30:27 / All) lSEEDEADPEOPLE: I love being able to unsummon all my stuff when I need to
(30:28 / All) lSEEDEADPEOPLE: so chill
(30:51 / Allies) Danfresh666: so yel
(30:52 / All) lSEEDEADPEOPLE: undead stabbing is probably least relaxing overall but the cleanup is so chill
(30:59 / Allies) Danfresh666: are you with me
(31:04 / All) |c00B40404Satan: WHEN YOU MAKE A DEAL WITH THE DEVIL
(31:06 / Allies) Danfresh666: to report these noobs
(31:07 / Allies) lSEEDEADPEOPLE: hmm?
(31:07 / All) |c00B40404Satan: BEWARE TEH FINE PRINT
(31:09 / Allies) lSEEDEADPEOPLE: LOL
(31:19 / All) lSEEDEADPEOPLE: Blue is going to report us
(31:22 / All) lSEEDEADPEOPLE: uh-oh!
(32:21 / Allies) Danfresh666: do you guys know each other?
(32:27 / Allies) lSEEDEADPEOPLE: no we just met this game
(32:45 / Allies) Danfresh666: you should marry and suck eachothers cock
(33:03 / Allies) lSEEDEADPEOPLE: blizzard is going to see all your gay fantasies if you talk like that and report this
(33:04 / All) |c00B40404Satan: FAG FANTASIES ARE NOT ACCEPTED IN THE CHURCH OF SATAN
(33:20 / Allies) Danfresh666: bunch of losers
(33:28 / Allies) lSEEDEADPEOPLE: still want to report this when you're making up gay erotica in allied chat?
(33:28 / All) |c00B40404Satan: YES YOU AND YELLOW ARE
(33:52 / All) lSEEDEADPEOPLE: He has 666 in his name but he's a false follower of Satan
(34:00 / Allies) Danfresh666: 0.0
(34:11 / Allies) Danfresh666: im with you guys
(34:22 / All) Danfresh666: allahu akhbar
(35:44 / Allies) |c00B40404Satan: IS THERE ANYTHING MORE YOU WOULD LIKE TO GET OFF YOUR CHEST MY CHILD?
(35:49 / Allies) |c00B40404Satan: SPEAK NOW OR FOREVER HOLD THINE TONGUE
(36:30 / All) TODD-HOWARD-SUX: blue and yellow still here? wtf
(36:32 / All) TODD-HOWARD-SUX: they are noob
(36:43 / All) TODD-HOWARD-SUX: yellow got bm with tauren? Lol!!!!!
(38:12 / 9) lSEEDEADPEOPLE: let's end it
(38:37 / Allies) |c00B40404Satan: Aye